 Dungeon Crawl Stone Soup version 0.24-a0-487-g57318f2ed0 (webtiles) character file.

Game seed: 4756977238808341021

82 gruber the Skirmisher (level 4, -1/45 HPs)
             Began as an Ogre Arcane Marksman on July 10, 2019.
             Slain by an orc
             ... wielding a +3 dagger of protection
              (4 damage)
             ... on level 3 of the Dungeon.
             The game lasted 00:03:50 (2449 turns).

gruber the Skirmisher (Ogre Arcane Marksman)        Turns: 2449, Time: 00:03:51

Health: -1/45      AC:  3    Str: 15    XL:     4   Next: 43%
Magic:  5/5        EV: 10    Int: 14    God:
Gold:   64         SH:  0    Dex:  9    Spells: 4/5 levels left

rFire    . . .     SeeInvis .   e - +0 whip
rCold    . . .     Gourm    .   (no shield)
rNeg     . . .     Faith    .   a - +0 robe
rPois    .         Spirit   .   (helmet restricted)
rElec    .         Reflect  .   (no cloak)
rCorr    .         Harm     .   (gloves unavailable)
MR       .....                  (boots unavailable)
Stlth    +.........             (no amulet)
HPRegen  0.15/turn              (no ring)
MPRegen  0.09/turn              (no ring)

@: no status effects
A: large, unfitting armour, tough skin 1
a: no special abilities


You were on level 3 of the Dungeon.
You were very hungry.

You visited 1 branch of the dungeon, and saw 3 of its levels.

You collected 64 gold pieces.

Inventory:

Hand Weapons
 e - a +0 whip (weapon)
Armour
 a - a +0 robe (worn)
 i - a +0 shield
Scrolls
 g - a scroll of fear {unknown}
 h - 2 scrolls of immolation {unknown}
 j - a scroll of identify {unknown}
 l - a scroll of noise {unknown}
 m - a scroll of random uselessness {unknown}
 n - a scroll of remove curse {unknown}
Potions
 b - a potion of flight {unknown}
 k - a potion of might {unknown}
 o - a potion of agility {unknown}
Comestibles
 f - 7 rations


   Skills:
 - Level 3.0 Fighting
 * Level 3.0 Maces & Flails
 - Level 2.0 Throwing
 - Level 1.7 Dodging
 - Level 1.2 Spellcasting
 - Level 2.6 Hexes


You had 4 spell levels left.
You knew the following spells:

 Your Spells              Type           Power        Failure   Level  Hunger
a - Corona                Hex            #......      9%          1    ##.....

Your spell library contained the following spells:

 Spells                   Type           Power        Failure   Level  Hunger
 Slow                     Hex            #.......     13%         2    ###....
 Inner Flame              Hex/Fire       #.......     41%         3    ####...
 Portal Projectile        Hex/Tloc       #.....       41%         3    ####...
 Cause Fear               Hex            #.........   65%         4    #####..
 Leda's Liquefaction      Hex/Erth       #.........   83%         4    #####..


Dungeon Overview and Level Annotations

Branches:
Dungeon (3/15)

Altars:
Nemelex Xobeh
Okawaru
Vehumet
Wu Jian
The Shining One


Innate Abilities, Weirdness & Mutations

You are too large for most types of armour.
You have tough skin. (AC +1)


Message History

You barely miss the orc.
The orc is severely wounded.
You barely miss the orc.
The orc is severely wounded.
The orc closely misses you.
You hit the orc but do no damage.
The orc is severely wounded.
The orc hits you with a +3 dagger of protection.
* * * LOW HITPOINT WARNING * * *
You aren't carrying any items that you can evoke.
You hit the orc but do no damage.
The orc is severely wounded.
The orc hits you but does no damage.
You barely miss the orc.
The orc is severely wounded.
The orc hits you but does no damage.
You hit the orc but do no damage.
The orc is severely wounded.
The orc hits you with a +3 dagger of protection.
You die...

#..........#
#........<.+
#..........#
#..........#
#..........#
####+#+#+#.#
#.#.....# #
#[#.######.#
#.#(..oo@..#
#.#.########
#.#.#
######'#.#
.)(...oo.#
.........#
.........#
..........
..........#


You could see 2 orcs.

Vanquished Creatures
  3 adders
  2 dart slugs (D:2)
  A leopard gecko (D:2)
  3 orcs (D:3)
  3 giant cockroaches
  4 goblins
  4 hobgoblins
  8 jackals
  5 kobolds (D:1)
  6 bats
  A frilled lizard (D:1)
  2 rats
42 creatures vanquished.

Notes
Turn   | Place    | Note
-------+----------+-------------------------------------------
     0 | D:1      | gruber the Ogre Arcane Marksman began the quest for the
                  | Orb.
     0 | D:1      | Reached XP level 1. HP: 19/19 MP: 2/2
   295 | D:1      | Reached XP level 2. HP: 3/29 MP: 3/3
   840 | D:1      | Reached skill level 1 in Maces & Flails
  1023 | D:1      | Reached XP level 3. HP: 31/37 MP: 4/4
  1525 | D:2      | Found a radiant altar of Vehumet.
  1655 | D:2      | Found a glowing golden altar of the Shining One.
  1658 | D:2      | Found an ornate altar of the Wu Jian Council.
  1661 | D:2      | Found a sparkling altar of Nemelex Xobeh.
  1664 | D:2      | Found an iron altar of Okawaru.
  2158 | D:2      | Reached XP level 4. HP: 28/45 MP: 5/5
  2446 | D:3      | HP: 2/45 [orc/+3 dagger of protection (1)]
  2449 | D:3      | Slain by an orc

Levels and vault maps discovered:
D:1:      evilmike_arrival_crescent, layout_rooms
D:2:      layout_loops_corners, grunt_temple_overflow_cloverleaf,
          nicolae_overflow_hidden_temple
D:3:      layout_basic, nicolae_gozag_zags_fifth_avenue

Skill      XL: |  1  2  3  4 |
---------------+-------------+-----
Fighting       | 2 3 |  3.0
Maces & Flails | 1 2 3 |  3.0
Throwing       | |  2.0
Dodging        | |  1.7
Spellcasting   | |  1.2
Hexes          | |  2.6

Action                   |  1- 3 |  4- 6 || total
-------------------------+-------+-------++-------
Melee: Unarmed           |    78 |       ||    78
       Whip              |   125 |    36 ||   161
Throw: Large rock        |     9 |     6 ||    15
       Throwing net      |     2 |     1 ||     3
 Cast: Corona            |     1 |       ||     1
  Eat: Chunk             |     3 |     1 ||     4
Armor: Robe              |    87 |    10 ||    97
Dodge: Dodged            |   132 |    18 ||   150

Table legend:
 A = Non-vault XP
 B = Vault XP
 C = Vault XP percentage of total XP
 D = Non-vault monster count
 E = Vault monster count
 F = Vault count percentage of total count
                 A         B        C        D         E       F
            +---------+---------+-------+---------+---------+-------
      Total |     118 |       0 |   0.0 |      42 |       0 |   0.0
            +---------+---------+-------+---------+---------+-------
        D:1 |      35 |       0 |   0.0 |      21 |       0 |   0.0
        D:2 |      57 |       0 |   0.0 |      15 |       0 |   0.0
        D:3 |      26 |       0 |   0.0 |       6 |       0 |   0.0
            +---------+---------+-------+---------+---------+-------
